 Dungeon Crawl Stone Soup version 0.28-a0-1429-gf3d713df7a (webtiles) character file.

Game seed: 14964548329244208537

2398 anonymouscript the Ruffian (level 9, -5/77 (84) HPs)
             Began as a Troll Fighter on Jan 9, 2022.
             Was a Follower of Uskayaw.
             Slain by a gnoll shaman (8 damage)
             ... on level 8 of the Dungeon.
             The game lasted 00:20:18 (4212 turns).

anonymouscript the Ruffian (Troll Fighter)          Turns: 4212, Time: 00:20:18

HP:   -5/77 (84)    AC: -2    Str: 28    XL:     9   Next: 23%
MP:   5/11          EV: 10    Int:  4    God:    Uskayaw [*.....]
Gold: 356           SH:  8    Dex: 11    Spells: 12/12 levels left

rFire   . . .      SeeInvis .     - Unarmed
rCold   . . .      Faith    .   b - +0 kite shield
rNeg    . . .      Spirit   .   (armour restricted)
rPois   .          Reflect  .   (helmet restricted)
rElec   .          Harm     .   x - scarf {repulsion}
rCorr   .          Rampage  .   (gloves unavailable)
Will    .....                   (boots unavailable)
Stlth   ++........              (no amulet)
HPRegen 1.02/turn               (no ring)
MPRegen 0.12/turn               (no ring)

@: about to teleport, corroded, drained, repel missiles
A: large, unfitting armour, claws 3, regeneration 1, shaggy fur 1, tough skin 1
a: Renounce Religion, Stomp


You were on level 8 of the Dungeon.
You worshipped Uskayaw.
Uskayaw was noncommittal.
You visited 1 branch of the dungeon, and saw 8 of its levels.

You collected 356 gold pieces.

Inventory:

Hand Weapons
 D - a +4 trident
 E - a +4 great sword of freezing
Armour
 a - a +0 robe
 b - a +0 kite shield (worn)
 k - a +0 scale mail
 n - the +1 scale mail "Koatwyg" {-Cast rF+ rN++ Regen+}
   (You found it on level 5 of the Dungeon)

   rF:        It protects you from fire.
   rN:        It greatly protects you from negative energy.
   -Cast:     It prevents spellcasting.
   Regen:     It increases your rate of health regeneration.
 t - a +0 scale mail
 x - a scarf of repulsion (worn)
 C - a +2 robe of cold resistance
 F - a +2 leather armour of cold resistance
Magical Staves
 u - a staff of poison
Wands
 q - a wand of flame (20)
 s - a wand of acid (8) (quivered)
 y - a wand of paralysis (3)
Scrolls
 c - a scroll of torment {unknown}
 d - 6 scrolls of identify {unknown}
 e - 2 scrolls of immolation {unknown}
 f - a scroll of teleportation
 g - a scroll of fog {unknown}
 i - a scroll of holy word {unknown}
 l - 2 scrolls of blinking {unknown}
 o - 2 scrolls of enchant weapon {unknown}
 p - a scroll of enchant armour {unknown}
Potions
 h - 4 potions of mutation {unknown}
 j - a potion of magic {unknown}
 m - a potion of attraction {unknown}
 r - 2 potions of berserk rage {unknown}
 v - a potion of heal wounds {unknown}
 w - a potion of flight {unknown}
 z - a potion of might
 A - a potion of haste {unknown}
 B - a potion of curing


   Skills:
 + Level 3.8 Fighting
 + Level 5.3 Dodging
 - Level 1.4 Stealth
 + Level 4.4 Shields
 + Level 7.8 Unarmed Combat
 * Level 2.0 Spellcasting
 * Level 2.3 Invocations
 + Level 0.1 Evocations


You had 12 spell levels left.
You didn't know any spells.
Your spell library contained the following spells:

 Spells                   Type           Power      Damage    Failure   Level
 Foxfire                  Conj/Fire      0%         2x1d4     71%         1
 Conjure Flame            Conj/Fire      0%         6-21      97%         3
 Inner Flame              Hex/Fire       0%         N/A       97%         3
 Flame Wave               Conj/Fire      0%         2d4       100%        4


Dungeon Overview and Level Annotations

Branches:
Dungeon (8/15)             Temple (0/1) D:7
   Lair: D:8-11

Altars:
Ashenzari
Dithmenos
Elyvilon
Makhleb
Ru
Trog
Uskayaw
Wu Jian

Annotations:
D:6 Menkaure


Innate Abilities, Weirdness & Mutations

You are too large for most types of armour.
You have claws for hands.
Your natural rate of healing is unusually fast.
You are covered in fur. (AC +1)
You have tough skin. (AC +1)


Message History

You can no longer stomp with the beat.
The gnoll hits you from afar with a +0 spear.
You block the gnoll's attack. The gnoll closely misses you.
The gnoll shaman hits you with a +0 club!
You can now stomp with the beat.
You stomp with the beat, sending a shockwave through the revellers around you!
The gnoll shaman is almost dead.
The gnoll is almost dead. x2
You can no longer stomp with the beat.
You block the gnoll's attack. x3
The gnoll shaman hits you with a +0 club.
You can now stomp with the beat.
Unknown command.
You claw the gnoll!
You kill the gnoll!
The gnoll hits you from afar with a +0 spear.
The gnoll hits you with a +0 whip.
* * * LOW HITPOINT WARNING * * *
The gnoll shaman prays to its god.
The gnoll shaman is healed somewhat.
The gnoll closely misses you.
You scratch the gnoll shaman but do no damage.
The gnoll shaman is severely wounded.
The gnoll closely misses you. The jelly barely misses you.
The gnoll shaman barely misses you. You block the gnoll shaman's attack.
You scratch the jelly.
Your claws burn!
* * * LOW HITPOINT WARNING * * *
The jelly is lightly wounded.
The gnoll hits you with a +0 whip.
* * * LOW HITPOINT WARNING * * *
The jelly hits you.
* * * LOW HITPOINT WARNING * * *
The acid corrodes you!
You are splashed with acid!
* * * LOW HITPOINT WARNING * * *
You block the gnoll shaman's attack.
As you read the scroll of teleportation, it crumbles to dust.
You feel strangely unstable. You block the gnoll's attack.
The jelly closely misses you. The gnoll hits you with a +0 whip.
* * * LOW HITPOINT WARNING * * *
The gnoll shaman hits you with a +0 club!
You die...

#.# #....# #..
#.##.# #.##.# ###
# ..##.# #.##.#
####.# #.###.##.#
##.....
#........# #....
# #####.#### #..#
..=
#.#######gg##...#
#.......gJg.....#
#########@.#..#.#
#........
#.......#
#########


You could see a gnoll shaman, a jelly and 3 gnolls.

Vanquished Creatures
  Sigmund (D:2)
  A steam dragon (D:7)
  An ice beast (D:5)
  2 sky beasts
  2 black bears
  An ogre (D:5)
  A necrophage (D:5)
  A centaur (D:5)
  A kobold brigand (D:7)
  A gnoll sergeant (D:7)
  3 scorpions
  A water moccasin zombie (D:7)
  A water moccasin skeleton (D:6)
  6 wights
  A bullfrog zombie (D:7)
  2 centaur skeletons
  A centaur zombie (D:7)
  3 hounds
  A jelly (D:4)
  4 orc priests
  3 iguanas
  Natasha (twice) (D:2)
  2 orc wizards
  A killer bee zombie (D:7)
  A hound skeleton (D:4)
  Robin (D:2)
  A howler monkey zombie (D:7)
  2 gnolls (D:8)
  3 adders
  2 white imps (D:7)
  3 worms
  3 dart slugs
  15 orcs
  A bat (D:2)
  4 endoplasms
  A giant cockroach (D:2)
  15 goblins
  2 hobgoblins (D:2)
  13 jackals
  9 kobolds
  2 quokkas
  9 ball pythons
  4 frilled lizards (D:2)
  7 rats
141 creatures vanquished.

Vanquished Creatures (others)
  A quokka (D:6)
  A fungus (D:4)
  5 toadstools (D:1)
7 creatures vanquished.

Grand Total: 148 creatures vanquished

Notes
Turn   | Place    | Note
-------+----------+-------------------------------------------
     0 | D:1      | anonymouscript the Troll Fighter began the quest for the
                  | Orb.
     0 | D:1      | Reached XP level 1. HP: 22/22 MP: 0/0
   334 | D:1      | Reached XP level 2. HP: 29/29 MP: 1/1
   777 | D:1      | Found a faded altar of an unknown god.
   847 | D:2      | Reached XP level 3. HP: 29/36 MP: 2/2
   946 | D:2      | Noticed Sigmund
  1005 | D:2      | Killed Sigmund
  1006 | D:2      | Reached skill level 3 in Unarmed Combat
  1006 | D:2      | Reached XP level 4. HP: 45/45 MP: 3/3
  1006 | D:2      | Reached XP level 5. HP: 53/53 MP: 4/4
  1151 | D:2      | Noticed Natasha
  1167 | D:2      | Killed Natasha
  1185 | D:2      | Found a shadowy altar of Dithmenos.
  1201 | D:2      | Noticed Natasha
  1212 | D:2      | Killed Natasha
  1213 | D:2      | Reached skill level 4 in Unarmed Combat
  1233 | D:2      | Noticed Robin
  1250 | D:2      | Reached XP level 6. HP: 48/61 MP: 5/5
  1277 | D:2      | Killed Robin
  1519 | D:5      | Entered Level 5 of the Dungeon
  1539 | D:5      | Reached skill level 5 in Unarmed Combat
  1539 | D:5      | Reached XP level 7. HP: 66/67 MP: 6/6
  1575 | D:5      | Identified the +1 scale mail "Koatwyg" {-Cast rF+ rN++
                  | Regen+}
  1708 | D:6      | Found a hide-covered altar of Uskayaw.
  1709 | D:6      | Found a burning altar of Makhleb.
  1710 | D:6      | Found a bloodstained altar of Trog.
  1723 | D:6      | Found a white marble altar of Elyvilon.
  1737 | D:6      | Became a worshipper of Uskayaw the Reveller
  1752 | D:6      | Identified the +0 buckler of Slovenliness {Regen+ SInv}
  1804 | D:6      | Reached * piety under Uskayaw
  1807 | D:6      | Reached ** piety under Uskayaw
  1810 | D:6      | Reached *** piety under Uskayaw
  1891 | D:6      | Noticed Menkaure
  1917 | D:6      | Reached skill level 1 in Stealth
  1929 | D:6      | HP: 2/63 [wight (3)]
  2068 | D:5      | Reached skill level 6 in Unarmed Combat
  2074 | D:5      | Found an ornate altar of the Wu Jian Council.
  2089 | D:5      | Reached XP level 8. HP: 59/75 MP: 3/7
  2233 | D:5      | Found a broken altar of Ashenzari.
  2242 | D:5      | Reached skill level 1 in Spellcasting
  2568 | D:6      | Reached skill level 1 in Invocations
  2720 | D:7      | Found a staircase to the Ecumenical Temple.
  2729 | D:7      | Reached skill level 7 in Unarmed Combat
  2827 | D:7      | Reached skill level 5 in Dodging
  3117 | D:7      | Reached XP level 9. HP: 56/84 MP: 10/10
  4162 | D:8      | Found a sacrificial altar of Ru.
  4212 | D:8      | HP: 3/77 [gnoll (5)]
  4212 | D:8      | Slain by a gnoll shaman

Illustrated notes

Levels and vault maps discovered:
D:1:      ldierk_walled_garden, layout_basic, shapermc_ecumenical_altar_pompeii
D:2:      minmay_inner_zag, layout_basic, basic_altar, uniq_sigmund,
          uniq_natasha, uniq_robin
D:3:      layout_basic, mainiacjoe_overflow_paths, tso_oasis_becter
D:4:      layout_basic, grunt_gozag_statues, serial_aquarium,
          aquarium_bridge_straight [aquarium_subvault_bridge,
          aquarium_subvault_wall, aquarium_subvault_bridge,
          aquarium_subvault_window], aquarium_window_2, aquarium_window_fake,
          aquarium_window_double, aquarium_window_1, aquarium_view_2a,
          aquarium_pool_five
D:5:      layout_rooms, nicolae_wu_jian_wuxing_cycle,
          ashenzari_conservatory_becter
D:6:      layout_basic, elyvilon_altar_4, grunt_temple_overflow_open,
          uniq_blork_the_orc, uniq_menkaure
D:7:      kennysheep_spiral_hall, layout_layer_cave,
          minmay_temple_entry_stoned_glass
D:8:      layout_loops_corners, grunt_temple_overflow_magic_moments,
          nicolae_overflow_hidden_temple, nicolae_ru_awakened_eye,
          uniq_gastronok

Skill      XL: |  1  2  3  4  5  6  7  8  9 |
---------------+----------------------------+-----
Fighting       | 3 |  3.8
Dodging        | 3 4 5 |  5.3
Shields        | 3 4 |  4.4
Unarmed Combat | 3 4 5 6 7 |  7.8
Stealth        | 1 |  1.4
Spellcasting   | 1 2 |  2.0
Invocations    | 2 |  2.3
Evocations     | |  0.1

Action                   |  1- 3 |  4- 6 |  7- 9 || total
-------------------------+-------+-------+-------++-------
Melee: Unarmed           |    97 |   113 |   223 ||   433
Invok: Stomp             |       |       |     8 ||     8
Evoke: Wand              |       |       |     3 ||     3
  Use: Potion            |     1 |     1 |     1 ||     3
       Scroll            |       |       |     2 ||     2
 Stab: Sleeping          |     1 |     1 |     1 ||     3
       Paralysed         |       |       |     3 ||     3
Armor: Robe              |    45 |    39 |    45 ||   129
       Skin              |       |       |     2 ||     2
Dodge: Dodged            |    33 |    49 |    96 ||   178
Block: Kite shield       |    46 |    45 |    89 ||   180

Table legend: (Time is in decaauts)
 A = Elapsed time spent in this place.
 B = Non-inter-level travel time spent in this place.
 C = Inter-level travel time spent in this place.
 D = Time resting spent in this place.
 E = Time spent auto-exploring this place.
 F = Levels seen in this place.
 G = Mean time per level.
                   A        B        C        D        E       F      G
               +--------+--------+--------+--------+--------+-----+--------+
         Total |   4239 |   4208 |     31 |    105 |   2536 |   8 |  529.9 |
       Dungeon |   4239 |   4208 |     31 |    105 |   2536 |   8 |  529.9 |
               +--------+--------+--------+--------+--------+-----+--------+

Top non-repeatable levels by time:
     D:7: 1446 daAuts
     D:1: 825 daAuts
     D:6: 683 daAuts
     D:2: 557 daAuts
     D:5: 437 daAuts
     D:8: 126 daAuts
     D:4: 112 daAuts
     D:3: 50 daAuts
